 Dungeon Crawl Stone Soup version 0.22-a0-407-gb098539 (webtiles) character file.

33 KristoblXynda the Magician (level 3, -5/31 HPs)
             Began as a Troll Wizard on May 9, 2018.
             Slain by an orc priest
             ... wielding a +0 hand axe
              (9 damage)
             ... on level 2 of the Dungeon.
             The game lasted 00:01:47 (807 turns).

KristoblXynda the Magician (Troll Wizard)            Turns: 807, Time: 00:01:48

Health: -5/31      AC:  5    Str: 15    XL:     3   Next: 12%
Magic:  5/5        EV:  9    Int: 15    God:
Gold:   16         SH:  0    Dex:  8    Spells: 5/6 levels left

rFire    . . .     SeeInvis .     - Unarmed
rCold    . . .     Gourm    +   (no shield)
rNeg     . . .     Faith    .   a - +0 robe
rPois    .         Spirit   .   b - +0 hat
rElec    .         Reflect  .   (no cloak)
rCorr    .         Harm     .   (gloves unavailable)
MR       .....                  (boots unavailable)
Stlth    +.........             (no amulet)
HPRegen  0.50/turn              (no ring)
MPRegen  0.09/turn              (no ring)

@: no status effects
A: large, unfitting armour, claws 3, fast metabolism 3, gourmand, regeneration
1, shaggy fur 1, tough skin 2
a: no special abilities


You were on level 2 of the Dungeon.
You were very full.

You visited 1 branch of the dungeon, and saw 2 of its levels.

You collected 16 gold pieces.

Inventory:

Armour
 a - a +0 robe (worn)
 b - a +0 hat (worn)
Jewellery
 f - an uncursed amulet of faith {unknown}
Scrolls
 e - a scroll of remove curse {unknown}
 h - a scroll of enchant armour {unknown}
 i - a scroll of blinking
 j - a scroll of teleportation {unknown}
Potions
 c - a potion of heal wounds {unknown}
 k - a potion of brilliance {unknown}
Comestibles
 d - 2 rations


   Skills:
 - Level 1.5 Dodging
 - Level 1.0 Stealth
 * Level 1.9 Unarmed Combat
 - Level 2.0 Spellcasting
 * Level 1.6 Conjurations
   Level 0.6 Summonings
   Level 0.6 Translocations


You had 5 spell levels left.
You knew the following spells:

 Your Spells              Type           Power        Failure   Level  Hunger
a - Magic Dart            Conj           #...         12%         1    #......


Dungeon Overview and Level Annotations

Branches:
Dungeon (2/15)

Altars:


Innate Abilities, Weirdness & Mutations

You are too large for most types of armour.
You have claws for hands.
Your metabolism is lightning-fast.
You like to eat raw meat.
Your natural rate of healing is unusually fast.
You are covered in fur. (AC +1)
You have very tough skin. (AC +2)


Message History

Pain shoots through your body!
You scratch the orc priest.
The orc priest is moderately wounded.
The orc priest barely misses you.
You scratch the orc priest. Your claw misses the orc priest.
The orc priest is heavily wounded.
The orc priest hits you with a hand axe.
You scratch the orc priest.
The orc priest is almost dead.
The orc priest mumbles some strange prayers to Beogh against you.
Pain shoots through your body!
You scratch the orc priest.
The orc priest is almost dead.
The orc priest invokes the aid of Beogh against you.
Beogh smites you!
* * * LOW HITPOINT WARNING * * *
You barely miss the orc priest.
The orc priest is almost dead.
The orc priest hits you with a hand axe!
You die...

### ########.#
#....[@o.#
......####.# ....# #.#
### # ... #h# ..#.# .
. #h###.#####.#.# ...
#ho...... ....##
.....#.###.#####.#...
..hh..........o§.h....
##.##.#.###h.####o#...


You could see an orc priest.

Vanquished Creatures
  A leopard gecko (D:1)
  3 orcs (D:2)
  2 giant cockroaches (D:1)
  2 goblins (D:1)
  9 jackals
  3 kobolds (D:1)
  A bat (D:1)
  3 rats (D:1)
24 creatures vanquished.

Notes
Turn   | Place    | Note
-------+----------+-------------------------------------------
     0 | D:1      | KristoblXynda the Troll Wizard began the quest for the Orb.
     0 | D:1      | Reached XP level 1. HP: 16/16 MP: 2/2
   149 | D:1      | Reached skill level 1 in Conjurations
   207 | D:1      | Reached skill level 1 in Unarmed Combat
   245 | D:1      | Reached XP level 2. HP: 24/24 MP: 4/4
   797 | D:2      | Reached XP level 3. HP: 29/31 MP: 5/5
   807 | D:2      | Slain by an orc priest

Vault maps used:
D:1:      dpeg_arrival_radiant, minmay_liquid_box
D:2:      nicolae_ashenzari_panopticon, first_ration,
          chequers_ecumenical_altar_twisty, cheibrodos_gnoll_hut

Skill      XL: |  1 |
---------------+----+-----
Conjurations   | 1 |  1.6
Unarmed Combat | 1 |  1.9
Dodging        | |  1.5
Stealth        | |  1.0
Spellcasting   | |  2.0
Summonings     | |  0.6
Translocations | |  0.6

Action                   || total
-------------------------++-------
Melee: Unarmed           ||    99
  Use: Scroll            ||     1
  Eat: Chunk             ||    12
Armor: Robe              ||    48
Dodge: Dodged            ||    47

Table legend:
 A = Spawn XP
 B = Non-spawn XP
 C = Spawn XP percentage of total XP
 D = Spawn monster count
 E = Non-spawn monster count
 F = Spawn count percentage of total count
 G = Total turns spent on level
                    A         B        C        D         E        F      G
               +---------+---------+-------+---------+---------+-------+---------
         Total |       0 |      48 |   0.0 |       0 |      24 |   0.0 |   807
               +---------+---------+-------+---------+---------+-------+---------
           D:1 |       0 |      27 |   0.0 |       0 |      15 |   0.0 |   740
           D:2 |       0 |      21 |   0.0 |       0 |       9 |   0.0 |    67
               +---------+---------+-------+---------+---------+-------+---------
